 Dungeon Crawl Stone Soup version 0.31-a0-1606-g60c5cc7444 (webtiles) character file.

Game seed: 8927570179910426316

2093987 Ge0ff the Vampiric Barricade (level 27, 207/207 HPs)
             Began as a Vampire Alchemist on Jan 7, 2024.
             Was the Champion of Vehumet.
             Escaped with the Orb
             ... and 4 runes on Jan 8, 2024!
             The game lasted 03:25:15 (89576 turns).

Ge0ff the Vampiric Barricade (Vampire Alchemist)   Turns: 89576, Time: 03:25:15

Health: 207/207    AC: 22    Str: 11    XL:     27
Magic:  38/43      EV: 17    Int: 43    God:    Vehumet [******]
Gold:   8522       SH: 12    Dex: 25    Spells: 0/58 levels left

rFire   + + .        a - staff "Zir Lick" {rElec rPois rN+ Str+2 SInv Air}
rCold   + + .        x - +0 buckler "Jihoxiuno" {+Blink rC+ Dex+4}
rNeg    + + .        l - +1 scale mail of Iguazu Saod {Regen+ Int+3}
rPois   +            D - +1 helmet "Rigyitiwn" {rElec rC++ Will+ Str+3}
rElec   +            e - +2 cloak {Will+}
rCorr   +            G - +0 pair of gloves of Impressiveness {Int+3}
SInv    +            b - +2 pair of boots
Will    ++++.        Q - amulet of magic regeneration
Stlth   ++           i - ring "Kimm" {rF+ rN+ Will+ rCorr, =R}
HPRegen 1.54/turn    A - ring "Diss" {Fire rPois Will- Int+9}
MPRegen 0.68/turn

%: no passive effects
@: healing quickly, studying 4 skills
A: alive, fangs 3, see invisible, vampiric 2, agile 1, deterioration 1,
screaming 1, shaggy fur 1
0: Orb of Zot
}: 4/15 runes: decaying, serpentine, slimy, silver
a: Exsanguinate, Renounce Religion, Evoke Blink


You escaped.
You worshipped Vehumet.
Vehumet was exalted by your worship.
You visited 12 branches of the dungeon, and saw 56 of its levels.
You visited 1 ziggurat, and saw 13 of its levels.
You also visited: Trove, Ossuary, Bailey, Gauntlet, Ice Cave and Volcano.

You collected 13036 gold pieces.
You spent 4514 gold pieces at shops.

Inventory:

Hand Weapons
 w - the +8 Vampire's Tooth {megavamp}
   (You found it on level 5 of the Vaults)
Missiles
 g - 2 throwing nets {=F}
 h - 7 silver javelins
 t - 12 javelins
 v - 24 curare-tipped darts {=F}
 Y - 12 darts of dispersal
Armour
 b - a +2 pair of boots (worn)
 e - a +2 cloak of willpower (worn)
 l - the +1 scale mail of Iguazu Saod (worn) {Regen+ Int+3}
   (You found it on level 3 of the Elven Halls)

   Int+3:     It affects your intelligence (+3).
   Regen+:    It increases your rate of health regeneration.
 x - the +0 buckler "Jihoxiuno" (worn) {+Blink rC+ Dex+4}
   (You bought it in a shop on level 3 of the Dungeon)

   Dex+4:     It affects your dexterity (+4).
   rC+:       It protects you from cold.
   +Blink:    It lets you blink.
 D - the +1 helmet "Rigyitiwn" (worn) {rElec rC++ Will+ Str+3}
   (You found it in a treasure trove)

   Str+3:     It affects your strength (+3).
   rC++:      It greatly protects you from cold.
   rElec:     It insulates you from electricity.
   Will+:     It increases your willpower.
 G - the +0 pair of gloves of Impressiveness (worn) {Int+3}
   (You found it in a treasure trove)

   Int+3:     It affects your intelligence (+3).
Magical Staves
 a - the staff "Zir Lick" (weapon) {rElec rPois rN+ Str+2 SInv Air}
   (You found it on level 2 of the Realm of Zot)

   [staff of air]

   Base accuracy: +5 Base damage: 5 Base attack delay: 1.2 This weapon's minimum
   attack delay (0.6) is reached at skill level 12.
   Str+2:     It affects your strength (+2).
   rElec:     It insulates you from electricity.
   rPois:     It protects you from poison rN+: It protects you from negative
   energy.
   SInv:      It lets you see invisible.
   Air:       It increases the power of your Air spells.
   It falls into the 'Staves' category.
   It is a one-handed weapon.
Jewellery
 c - the ring of Caco {rN+ Str+6 Int+4 Stlth+}
   (You took it off a minotaur in a Gauntlet)

   [ring of strength]

   Str+6:     It affects your strength (+6).
   Int+4:     It affects your intelligence (+4).
   rN+:       It protects you from negative energy.
   Stlth+:    It makes you more stealthy.
 i - the ring "Kimm" (left hand) {rF+ rN+ Will+ rCorr, =R}
   (You bought it in a shop on level 2 of the Snake Pit)

   [ring of resist corrosion]

   rF+:       It protects you from fire.
   rN+:       It protects you from negative energy.
   Will+:     It increases your willpower.
   rCorr:     It protects you from acid and corrosion.
 k - a ring of flight
 A - the ring "Diss" (right hand) {Fire rPois Will- Int+9}
   (You bought it in a shop on level 2 of the Snake Pit)

   [ring of fire]

   Fire:      It enhances your fire magic.
   Int+9:     It affects your intelligence (+9).
   rF+:       It protects you from fire.
   rC-:       It makes you vulnerable to cold.
   rPois:     It protects you from poison Will-: It decreases your willpower.
 Q - an amulet of magic regeneration (around neck)
Wands
 d - a wand of digging (18)
 f - a wand of flame (204)
 j - a wand of quicksilver (14)
 p - a wand of paralysis (64)
 r - a wand of roots (115)
 s - a wand of mindburst (37)
 P - a wand of polymorph (15)
Scrolls
 m - 3 scrolls of revelation
 y - 6 scrolls of immolation
 B - 9 scrolls of blinking
 C - 6 scrolls of poison
 E - 11 scrolls of fear
 F - 19 scrolls of fog
 J - 8 scrolls of silence {!r}
 S - 4 scrolls of butterflies
 T - 17 scrolls of teleportation
 V - 10 scrolls of vulnerability
Potions
 o - 3 potions of ambrosia
 q - 31 potions of curing
 u - 9 potions of mutation {!q}
 z - 7 potions of brilliance
 H - 9 potions of haste {!q}
 I - 7 potions of invisibility
 K - 5 potions of magic {!q}
 L - 12 potions of lignification
 M - 13 potions of might
 N - 11 potions of cancellation {!q}
 R - 4 potions of resistance
 W - 15 potions of heal wounds {!q}
 X - 4 potions of enlightenment
 Z - 7 potions of berserk rage {!q}
Miscellaneous
 n - a phial of floods
 O - a box of beasts
 U - a phantom mirror


   Skills:
 - Level 15.0 Fighting
 - Level 7.0 Short Blades
 - Level 6.0 Throwing
 - Level 12.0 Armour
 - Level 12.0 Dodging
 + Level 11.2 Stealth
 O Level 27 Shields
 + Level 16.3 Spellcasting
 - Level 10.0 Conjurations
 - Level 7.0 Hexes
 - Level 4.0 Summonings
 - Level 10.0 Necromancy
 - Level 3.0 Translocations
 - Level 16.0 Fire Magic
 - Level 18.0 Air Magic
 - Level 7.0 Earth Magic
 - Level 11.0 Alchemy
 - Level 11.0 Evocations


You couldn't memorise any spells.
You knew the following spells:

 Your Spells              Type           Power      Damage    Failure   Level
a - Sublimation of Blood  Necr           88%        N/A       1%          2
g - Apportation           Tloc           100%       N/A       1%          1
h - Lee's Rapid Deconstr  Erth           38%        3d19*     1%          5
i - Ignition              Fire           65%        3d17      7%          8
m - Plasma Beam           Fire/Air       79%        2x1d97    1%          6
p - Passage of Golubria   Tloc           57%        N/A       9%          4
s - Maxwell's Capacitive  Air            68%        ∞         3%          8
w - Passwall              Erth           76%        N/A       1%          3
y - Yara's Violent Unrav  Hex/Alch       42%        3d17      1%          5
B - Blink                 Tloc           100%       N/A       1%          2
C - Fireball              Conj/Fire      60%        3d23      1%          5
E - Irradiate             Conj/Alch      45%        3d26      1%          5
S - Summon Blazeheart Go  Fire/Summ      100%       N/A       1%          4

Your spell library contained the following spells:

 Spells                   Type           Power      Damage    Failure   Level
 Foxfire                  Conj/Fire      100%       2x1d9     0%          1
 Shock                    Conj/Air       100%       1d9       0%          1
 Mercury Vapours          Alch/Air       100%       N/A       0%          2
 Scorch                   Fire           100%       2d9       0%          2
 Swiftness                Air            100%       N/A       0%          3
 Airstrike                Air            68%        2d(10-26) 0%          4
 Freeze                   Ice            100%       1d10      1%          1
 Kiss of Death            Conj/Necr      100%       2d13      1%          1
 Necrotise                Necr           100%       1d9       1%          1
 Sting                    Conj/Alch      100%       1d9       1%          1
 Summon Small Mammal      Summ           100%       N/A       1%          1
 Call Imp                 Summ           100%       N/A       1%          2
 Ensorcelled Hibernation  Hex/Ice        100%       N/A       1%          2
 Jinxbite                 Hex            100%       N/A       1%          2
 Lesser Beckoning         Tloc           100%       N/A       1%          2
 Momentum Strike          Conj/Tloc      100%       3d10      1%          2
 Call Canine Familiar     Summ           62%        N/A       1%          3
 Fugue of the Fallen      Necr           88%        N/A       1%          3
 Hailstorm                Conj/Ice       67%        3d12      1%          3
 Inner Flame              Hex/Fire       100%       N/A       1%          3
 Mephitic Cloud           Conj/Alch/Air  100%       N/A       1%          3
 Tukima's Dance           Hex            76%        N/A       1%          3
 Vampiric Draining        Necr           88%        2d12      1%          3
 Anguish                  Hex/Necr       41%        N/A       1%          4
 Animate Dead             Necr           88%        N/A       1%          4
 Brom's Barrelling Bould  Conj/Erth      83%        2d9       1%          4
 Cause Fear               Hex            38%        N/A       1%          4
 Dispel Undead            Necr           88%        3d28      1%          4
 Flame Wave               Conj/Fire      100%       2d21      1%          4
 Ignite Poison            Fire/Alch      100%       N/A       1%          4
 Iskenderun's Mystic Bla  Conj/Tloc      74%        2d15      1%          4
 Leda's Liquefaction      Alch/Erth      42%        N/A       1%          4
 Martyr's Knell           Necr/Summ      76%        N/A       1%          4
 Olgreb's Toxic Radiance  Alch           92%        N/A       1%          4
 Sticky Flame             Fire/Alch      100%       2d15      1%          4
 Summon Lightning Spire   Summ/Air       100%       N/A       1%          4
 Vhi's Electric Charge    Tloc/Air       100%       N/A       1%          4
 Alistair's Intoxication  Alch           61%        N/A       1%          5
 Arcjolt                  Conj/Air       62%        1d72      1%          5
 Curse of Agony           Necr           88%        N/A       1%          5
 Freezing Cloud           Conj/Ice/Air   53%        6-21      1%          5
 Silence                  Hex/Air        59%        N/A       1%          5
 Conjure Ball Lightning   Conj/Air       62%        3x3d22    1%          6
 Eringya's Noxious Bog    Alch           46%        4d6       1%          6
 Starburst                Conj/Fire      60%        6d16      1%          6
 Frozen Ramparts          Ice            70%        1d11      2%          3
 Gell's Gravitas          Tloc           57%        N/A       2%          3
 Teleport Other           Tloc           57%        N/A       2%          3
 Borgnjor's Vile Clutch   Necr/Erth      41%        N/A       2%          5
 Summon Ice Beast         Ice/Summ       51%        N/A       3%          3
 Animate Armour           Summ/Erth      100%       N/A       3%          4
 Bombard                  Conj/Erth      41%        9d7       4%          6
 Death Channel            Necr           44%        N/A       8%          6
 Manifold Assault         Tloc           57%        N/A       9%          4
 Summon Mana Viper        Hex/Summ       70%        N/A       9%          5
 Orb of Destruction       Conj           44%        9d12      11%         7
 Metabolic Englaciation   Hex/Ice        30%        N/A       19%         5
 Spellforged Servitor     Conj/Summ      38%        N/A       32%         7
 Sculpt Simulacrum        Ice/Alch       35%        N/A       43%         6
 Summon Cactus Giant      Summ           31%        N/A       65%         6
 Dispersal                Tloc           28%        N/A       78%         6
 Lehudib's Crystal Spear  Conj/Erth      41%        10d10     78%         8
 Enfeeble                 Hex            38%        N/A       80%         7
 Chain Lightning          Conj/Air       62%        3d83      90%         9
 Fire Storm               Conj/Fire      60%        8d15      96%         9
 Infestation              Necr           44%        N/A       97%         8
 Monstrous Menagerie      Summ           31%        N/A       99%         7
 Ozocubu's Refrigeration  Ice            17%        4d11      99%         7
 Summon Hydra             Summ           31%        N/A       99%         7
 Discord                  Hex            38%        N/A       100%        8
 Disjunction              Tloc           28%        N/A       100%        8
 Polar Vortex             Ice            17%        12d2*     100%        9
 Borgnjor's Revivificati  Necr           Unusable   N/A       N/A         8

Dungeon Overview and Level Annotations

Branches:
Dungeon (15/15)            Temple (1/1) D:4            Lair (5/5) D:9
  Swamp (4/4) Lair:2        Snake (4/4) Lair:2        Slime (5/5) Lair:4
    Orc (2/2) D:12            Elf (3/3) Orc:2        Vaults (5/5) D:14
  Crypt (3/3) Vaults:3       Tomb (0/3) Crypt:3      Depths (4/4) D:15
    Zot (5/5) Depths:4    Ossuary (visited)          Bailey (visited)
  IceCv (visited)         Volcano (visited)         Gauntlet (visited)

Altars:
Ashenzari
Cheibriados
Dithmenos
Fedhas
Gozag
Hepliaklqana
Kikubaaqudgha
Makhleb
Nemelex Xobeh
Okawaru
Qazlal
Ru
Sif Muna
Trog
Uskayaw
Vehumet
Wu Jian
Xom
Yredelemnul
Jiyva

Shops:
D:3 [   D:7 *   D:9 *   D:12 *   D:13 ?!?   Orc:1 [   Orc:2 ([=[   Elf:1 *
Snake:2 =:=   Vaults:2 [   Depths:1 [   Depths:3 :([[

Portals:
Hell: Depths:1 Depths:2 Depths:3 Depths:4
Abyss: Depths:1 Depths:3
Pandemonium: Depths:2 Depths:4


Innate Abilities, Weirdness & Mutations

Your natural rate of healing is accelerated.
You have razor-sharp teeth.
You have supernaturally acute eyesight. (SInv)
You are afflicted with vampirism and can become a bat while bloodless.
You are agile. (Dex +4, Str/Int -1)
Your body sometimes deteriorates upon taking damage.
You occasionally shout uncontrollably at your foes.
You are covered in fur. (AC +1)


Message History

The rock shatters into small pieces.
There is a stone staircase leading up here.
You climb upwards.
There is a stone staircase leading down here.
Magic restored.
Your magical contamination has completely faded away.
A Hell Sentinel comes into view.
The Hell Sentinel roars!
Casting: Irradiate (mildly dangerous; 1% risk of failure)
Confirm with . or Enter, or press ? or * to list all spells.
You feel a surge of power!
You begin accumulating electric charge. (Press . to continue charging.)
You feel charge building up...
You feel charge building up...
You feel charge building up... The Hell Sentinel gestures at you.
The iron shot hits you!!!
The electricity discharges through the Hell Sentinel!!!!!
The Hell Sentinel vaporises in an electric haze!
You kill the Hell Sentinel!
Vehumet accepts your kill.
You feel your power returning.
A toenail golem comes into view.
You yell at the toenail golem!
You feel a strong surge of power!
The bolt of lightning hits the toenail golem!
The toenail golem resists.
The toenail golem is moderately damaged.
The fiery plasma hits the toenail golem!!!
The toenail golem resists.
The toenail golem is almost destroyed.
You feel a strong surge of power!
The bolt of lightning hits the toenail golem!
The toenail golem resists.
You destroy the toenail golem!
Vehumet accepts your kill.
You feel your power returning.
A shadow demon comes into view.
You enter the shallow water.
Moving in this stuff is going to be slow.
You feel a strong surge of power!
The bolt of lightning hits the shadow demon!
The shadow demon is lightly wounded.
The fiery plasma hits the shadow demon!!!!
You kill the shadow demon!
Vehumet accepts your kill.
You feel your power returning.
You can't see any susceptible monsters within range! (Use Z to cast anyway.)
There is a staircase leading out of the dungeon here.
You have escaped!

#.###### ##########.#####.
#†##...####### ##..##.####.......
#.#####..#.#.###.###....#########
#.######..#...........~...##
#.##.#.†..##..~~~.....~~~..#
#..[.##......~≈~≈.~....~~~.# ###
####..#..~~..~~~.~~≈~......# #..
##.##..~~≈~~...~≈≈~...### #..
##.##..≈≈≈..@..≈≈~..#######..
###...~~≈≈~...≈≈≈~~..#....#..
#..#...~≈~~~.~~~≈~...##......
###......~~.~~~~...###.####..
######......~~~......#..# #..
#.†)..#..##............## #..
#..##...##########...### #..
##.###### #########.# ###.# ###
#...##########...#


There were no monsters in sight!

Vanquished Creatures
  the Royal Jelly (Slime:5)
  Dissolution (Slime:1)
  7 dread liches
  2 ancient liches (Zot:5)
  9 orbs of fire
  Mara (Swamp:4)
  A juggernaut (Depths:4)
  Sojobo (Vaults:2)
  Josephina (Zot:3)
  Bai Suzhen (Vaults:2)
  Saint Roka (Snake:3)
  8 Killer Klowns
  Vashnia (Snake:2)
  4 curse toes
  3 caustic shrikes
  15 golden dragons
  A profane servitor (Crypt:3)
  Norris (Vaults:3)
  4 electric golems
  A hellephant (Zig:8)
  A Hell Sentinel (D:1)
  21 tentacled monstrosities
  6 liches
  25 Orb Guardians (Zot:5)
  8 deep elf master archers
  A walking earthen tome (Depths:4)
  A walking divine tome (Depths:4)
  4 titans
  20 acid blobs
  3 deep elf blademasters
  13 quicksilver dragons
  An Executioner (Depths:4)
  4 death cobs
  10 tengu reavers
  7 sphinxes
  2 thorn hunters
  A kraken (Swamp:3)
  19 shadow dragons
  9 ancient champions
  Gastronok (D:8)
  Aizul (Snake:1)
  5 revenants
  Donald (Swamp:2)
  20 storm dragons
  8 fire giants
  4 nagarajas (Snake:4)
  Roxanne (Snake:2)
  6 protean progenitors
  12 draconian monks
  8 rockslimes
  8 azure jellies
  9 ghost moths
  14 vault wardens
  3 frost giants
  2 emperor scorpions (Zig:11)
  7 deep elf sorcerers
  5 fenstrider witches
  17 draconian shifters
  7 draconian knights
  An iron dragon (Depths:4)
  4 curse skulls
  A balrug (Depths:1)
  An angel (D:15)
  3 orc warlords
  13 ghouls
  5 deep elf elementalists (Elf:3)
  17 draconian scorchers
  7 draconian annihilators
  20 ironbound preservers
  A spriggan defender (Depths:2)
  5 ironbound thunderhulks
  7 quicksilver oozes
  7 draconian stormcallers
  A demonspawn blood saint (Zig:9)
  2 cacodemons
  The ghost of farilari the Skirmisher, an adept SpHu of Okawaru (Snake:1)
  A broodmother (Zig:2)
  A reaper (Depths:1)
  25 green draconians
  12 very ugly things
  The ghost of cvdvbs the Blocker, a journeyman MiFi of Okawaru (D:12)
  Nessos (D:15)
  12 vampire knights
  10 formless jellyfish
  17 stone giants
  14 white draconians
  7 deep elf demonologists
  3 eleionomae
  14 black draconians
  2 lorocyprocas
  14 purple draconians
  15 yellow draconians
  13 deep elf annihilators
  A minotaur (Gauntlet)
  11 red draconians
  6 deep elf death magi
  5 dire elephants (Vaults:4)
  6 war gargoyles
  A demonspawn black sun (D:8)
  The ghost of Acikaus the Fighter, a journeyman MiFi of the Shining One (Lair:1)
  9 spark wasps
  5 bunyips
  A blizzard demon (Swamp:4)
  A bunyip (shapeshifter) (Vaults:5)
  2 eidola
  2 green deaths
  A quicksilver dragon zombie (Crypt:2)
  13 ettins
  11 jiangshi
  2 mummy priests (Crypt:3)
  2 crystal guardians (Vaults:4)
  8 deep elf high priests
  8 fire dragons
  7 entropy weavers
  The ghost of lis82 the Arsonist, a journeyman DgIE (D:13)
  17 yaktaur captains
  2 merfolk javelineers (Zig:13)
  11 hydras
  9 great orbs of eyes
  Fannar (D:10)
  2 ghost crabs
  6 ice dragons
  A hell beast (Zot:2)
  2 rakshasas
  7 spriggan air magi
  34 vault guards
  3 peacekeepers
  10 alligators
  A catoblepas (D:15)
  2 radroaches (Zig:11)
  10 ogre magi
  5 ironbound frosthearts
  3 salamander tyrants (Snake:4)
  8 anacondas
  An anaconda (shapeshifter) (Vaults:5)
  4 death knights
  A two-headed ogre (shapeshifter) (Vaults:5)
  6 centaur warriors
  2 satyrs (Zig:13)
  5 boulder beetles
  33 dancing weapons
  6 deep troll shamans
  20 two-headed ogres
  16 naga sharpshooters
  14 naga warriors
  8 tengu warriors
  8 spriggan berserkers
  2 vampire magi
  A bennu skeleton (Crypt:1)
  2 occultists
  A demonic crawler (Zig:4)
  10 shock serpents
  7 deep troll earth magi
  A hell hog (Depths:3)
  A storm dragon zombie (Crypt:3)
  2 orc high priests
  2 sun demons
  2 titan skeletons (Crypt:3)
  4 hell knights
  3 soul eaters
  A titan zombie (Depths:2)
  8 iron trolls
  2 skysharks (shapeshifter)
  8 sixfirhies
  2 skysharks (Vaults:3)
  Amaemon (D:10)
  A pharaoh ant (Zig:11)
  9 salamander mystics
  21 deep elf knights
  5 shadow wraiths
  A glowing orange brain (shapeshifter) (Vaults:1)
  2 storm dragon skeletons (Vaults:3)
  2 sea snakes (Snake:1)
  A shadow demon (D:1)
  21 skeletal warriors
  4 flayed ghosts
  8 spriggan druids
  A mana viper (shapeshifter) (Depths:2)
  An iron giant skeleton (Crypt:1)
  5 goliath frogs
  16 deep elf archers
  12 arcanists
  4 glowing orange brains
  5 lindwurms (Vaults:1)
  44 deep trolls
  A tengu zombie (Depths:2)
  A spriggan simulacrum (Crypt:3)
  9 bog bodies
  2 obsidian statues
  3 orange crystal statues (Zig:4)
  7 naga ritualists
  3 swamp dragons
  An orb spider (Zig:11)
  7 mana vipers
  34 deep elf pyromancers
  A steelbarb worm (shapeshifter) (Vaults:5)
  An alligator zombie (Crypt:1)
  8 phantasmal warriors
  20 ironbound convokers
  An oklob plant (Lair:5)
  8 necromancers
  A goliath frog zombie (Crypt:3)
  7 orc sorcerers
  7 harpies
  5 orc knights
  A jorogumo zombie (Crypt:1)
  5 lightning spires (Zot:2)
  2 steelbarb worms
  4 will-o-the-wisps
  28 deep elf zephyrmancers
  2 shining eyes
  A manticore (D:13)
  4 wolf spiders
  25 ugly things
  A frost giant zombie (Crypt:2)
  6 cyclopes
  2 alligator skeletons (Crypt:2)
  20 salamanders
  3 fauns (Zig:13)
  8 elephants
  A salamander (shapeshifter) (Vaults:5)
  A toenail golem (D:1)
  27 moths of wrath
  7 kobold blastminers
  4 ice statues
  3 meliai
  2 meliai (shapeshifter)
  36 black mambas
  6 human skeletons (Vaults:3)
  A spectral centaur (D:12)
  12 guardian serpents
  3 smoke demons
  4 eyes of devastation
  An elephant (shapeshifter) (Vaults:5)
  A water nymph (shapeshifter) (Depths:1)
  16 naga magi
  3 stone giant skeletons (Vaults:3)
  14 vault sentinels
  A torpor snail (shapeshifter) (Elf:3)
  A black mamba (shapeshifter) (D:15)
  18 cane toads
  3 centaur skeletons
  A cane toad (shapeshifter) (D:14)
  Maggie (D:9)
  8 orange demons
  6 freezing wraiths
  4 unseen horror zombies (D:9)
  3 gargoyles
  An efreet (D:15)
  5 torpor snails
  18 rime drakes
  A yellow draconian zombie (Crypt:3)
  4 tengu conjurers
  13 yaktaurs
  3 hellions
  Psyche (D:9)
  3 tormentors (Zig:8)
  A yaktaur (shapeshifter) (Vaults:5)
  2 ice devils
  7 guardian mummies (Crypt:3)
  3 spectral deep trolls (Crypt:2)
  9 komodo dragons
  A swamp worm zombie (Crypt:2)
  5 hellwings
  13 trolls
  A shadow dragon simulacrum (Zot:3)
  2 red devils (D:11)
  A polar bear (Vaults:1)
  5 queen bees
  A bloated husk (Zig:3)
  12 hornets
  An iron dragon simulacrum (Depths:2)
  Grinder (D:5)
  4 tarantellas
  A frost giant simulacrum (Depths:2)
  A raiju (Zig:1)
  A hydra skeleton (Crypt:2)
  4 tyrant leeches
  16 blink frogs
  12 dream sheep
  A blink frog (shapeshifter) (D:14)
  2 glass eyes (Slime:5)
  A culicivora (Zig:4)
  A meliai zombie (Crypt:1)
  Sigmund (D:2)
  11 air elementals
  133 slime creatures
  13 spriggans
  8 wraiths
  13 wyverns
  8 water elementals
  11 basilisks
  2 wind drake zombies (Crypt:3)
  3 golden eyes
  An ushabti (Crypt:3)
  A vampire (Bailey)
  16 yaks
  A neqoxec (D:15)
  6 chaos spawn
  4 fire elementals
  2 wargs
  10 redbacks
  5 steam dragons
  4 vampire mosquitoes
  2 death yak simulacra (IceCv)
  A green draconian simulacrum (Zot:3)
  A yellow draconian simulacrum (Zot:3)
  Menkaure (D:7)
  A harpy simulacrum (Crypt:3)
  A swamp worm (shapeshifter) (Vaults:1)
  A naga (shapeshifter) (Elf:3)
  39 nagas
  An acid dragon (D:10)
  A hydra simulacrum (Crypt:2)
  17 swamp worms
  28 water moccasins
  An entropy weaver zombie (Crypt:3)
  A hell hound (Volcano)
  Duvessa (D:5)
  A moth of wrath simulacrum (Zot:3)
  24 orc warriors
  A swamp drake (Swamp:2)
  A sky beast (D:7)
  5 ice beasts
  18 laughing skulls
  12 wolves
  29 ogres
  7 centaurs
  A crocodile (shapeshifter) (Elf:2)
  A hog zombie (Crypt:3)
  3 phantoms
  A salamander zombie (Crypt:1)
  19 bullfrogs
  A kobold brigand (D:5)
  A gnoll sergeant (D:10)
  5 necrophages
  8 earth elementals
  A hornet simulacrum (D:15)
  A warg skeleton (Crypt:1)
  4 wights (D:9)
  Dowan (D:5)
  A shapeshifter zombie (Crypt:1)
  4 killer bees (Gauntlet)
  A troll skeleton (Crypt:3)
  5 wolf zombies (Bailey)
  8 howler monkeys
  8 vampire bats (Bailey)
  4 electric eels
  A bombardier beetle (D:2)
  A bullfrog zombie (Crypt:2)
  6 centaur zombies
  5 hounds
  2 jellies (Lair:4)
  A bullfrog skeleton (Crypt:3)
  12 orc priests
  Crazy Yiuf (D:2)
  A gnoll bouda (D:6)
  Ijyb (D:5)
  7 iguanas
  21 orc wizards
  15 hell rats
  3 polar bear simulacra (IceCv)
  A killer bee zombie (D:9)
  15 mummies
  2 howler monkey zombies (D:9)
  12 gnolls
  11 adders
  11 river rats (Lair:2)
  3 white imps (Gauntlet)
  An ufetubus (Vaults:1)
  An adder skeleton (Crypt:2)
  The ghost of paps the Sneak, a weakling OpDe (D:5)
  2 dart slugs (D:4)
  3 ribbon worms
  78 orcs
  6 ball pythons
  5 bats
  17 endoplasms
  3 giant cockroaches
  2 gnoll zombies (Ossuary)
  11 goblins
  4 hobgoblins
  2 jackals (D:4)
  12 kobolds
  10 quokkas
  A ball python zombie (Crypt:1)
  3 frilled lizards
  A goblin skeleton (Crypt:3)
  A hobgoblin skeleton (Crypt:2)
  4 hobgoblin zombies (Ossuary)
  2 kobold zombies (Ossuary)
  19 orc zombies
  24 rats
  9 aspiring fleshes
  3 tentacles (Swamp:3)
2670 creatures vanquished.

Vanquished Creatures (collateral kills)
  A two-headed ogre (D:11)
  A vampire mosquito (D:12)
  An orc (D:11)
3 creatures vanquished.

Vanquished Creatures (others)
  A war gargoyle (Zot:2)
  A shock serpent (Snake:4)
  A deep elf knight (Elf:3)
  A draconian simulacrum (Zot:3)
  8 blazeheart cores
  2 foxfires (Swamp:4)
  2 tentacles (Swamp:3)
16 creatures vanquished.

Grand Total: 2689 creatures vanquished

Notes
Turn   | Place    | Note
-------+----------+-------------------------------------------
     0 | D:1      | Ge0ff the Vampire Alchemist began the quest for the Orb.
     0 | D:1      | Reached XP level 1. HP: 13/13 MP: 3/3
   164 | D:1      | Reached skill level 1 in Conjurations
   212 | D:1      | Reached XP level 2. HP: 19/19 MP: 1/5
   275 | D:1      | Learned a level 2 spell: Mercury Vapours
  1381 | D:2      | Gained mutation: You are afflicted with vampirism and can
                  | become a bat while bloodless. [Vampire growth]
  1381 | D:2      | Reached XP level 3. HP: 24/24 MP: 3/6
  1613 | D:2      | Learned a level 3 spell: Mephitic Cloud
  1755 | D:2      | Reached skill level 1 in Air Magic
  1755 | D:2      | Reached XP level 4. HP: 30/30 MP: 4/8
  2139 | D:2      | Found a runed translucent door.
  2140 | D:2      | Noticed Crazy Yiuf
  2149 | D:2      | Killed Crazy Yiuf
  2421 | D:2      | Noticed Sigmund
  2432 | D:2      | Killed Sigmund
  2433 | D:2      | Reached XP level 5. HP: 19/35 MP: 4/9
  2691 | D:3      | Found Arodatzi's Antique Armour Shop.
  2709 | D:3      | Reached XP level 6. HP: 41/41 MP: 10/10
  2737 | D:3      | Learned a level 4 spell: Olgreb's Toxic Radiance
  2873 | D:3      | Identified the ring "Rimpuinn" {*Corrode rElec Will+ Slay+6
                  | Stlth+}
  3535 | D:4      | Noticed an ice beast
  3545 | D:4      | Killed an ice beast
  3621 | D:4      | Identified the +7 shortbow "Nocios" {heavy, rN+ Str-2 SInv
                  | Stlth+}
  3644 | D:4      | Found a staircase to the Ecumenical Temple.
  3653 | Temple   | Entered the Ecumenical Temple
  3840 | D:4      | Found a sand-covered staircase.
  3845 | Ossuary  | Entered an ossuary
  3963 | Ossuary  | Reached skill level 1 in Short Blades
  3963 | Ossuary  | Reached XP level 7. HP: 29/47 MP: 12/12
  4028 | Ossuary  | Reached skill level 1 in Fighting
  4259 | D:4      | Identified the +5 scale mail "Horoohat" {Will++ Dex+3}
  4514 | D:4      | Found a hazy altar of Hepliaklqana.
  4519 | D:4      | Found an ancient bone altar of Kikubaaqudgha.
  4851 | D:4      | Found a shimmering altar of Xom.
  4859 | D:4      | Reached skill level 5 in Air Magic
  5239 | D:3      | Bought a blackened robe for 136 gold pieces
  5239 | D:3      | Identified the +1 robe of Pride {Harm rF+++} (You bought it
                  | in a shop on level 3 of the Dungeon)
  5284 | D:5      | Entered Level 5 of the Dungeon
  5364 | D:5      | Noticed Grinder
  5375 | D:5      | Killed Grinder
  5397 | D:5      | Found an iron altar of Okawaru.
  5431 | D:5      | Reached skill level 5 in Alchemy
  5454 | D:5      | Reached XP level 8. HP: 48/56 MP: 14/14
  5518 | D:5      | Noticed Ijyb
  5527 | D:5      | Killed Ijyb
  5561 | D:5      | Noticed Dowan
  5564 | D:5      | Noticed Duvessa
  5568 | D:5      | Killed Dowan
  5574 | D:5      | Killed Duvessa
  5686 | D:5      | Noticed paps's ghost (weakling OpDe)
  5687 | D:5      | Found a runed translucent gate.
  5688 | D:5      | Found a runed translucent gate.
  5688 | D:5      | Found a runed translucent gate.
  6449 | D:3      | Bought an ancient buckler for 228 gold pieces
  6449 | D:3      | Identified the +0 buckler "Jihoxiuno" {+Blink rC+ Dex+4}
                  | (You bought it in a shop on level 3 of the Dungeon)
  6656 | D:6      | Reached skill level 1 in Shields
  7011 | D:6      | Reached skill level 5 in Spellcasting
  7025 | D:6      | Reached skill level 2 in Shields
  7157 | D:6      | Reached XP level 9. HP: 59/61 MP: 16/16
  7253 | D:7      | Reached skill level 3 in Shields
  7286 | D:7      | Found Laschewk's Assorted Antiques.
  7294 | D:7      | Bought a faintly glowing lapis lazuli ring for 125 gold
                  | pieces
  7294 | D:7      | Identified the ring of Wisdom {Str+6 Int+2 Slay+4} (You
                  | bought it in a shop on level 7 of the Dungeon)
  7309 | D:7      | Noticed Menkaure
  7323 | D:7      | Killed Menkaure
  7414 | D:7      | Found a radiant altar of Vehumet.
  7417 | D:7      | Became a worshipper of Vehumet
  7595 | D:7      | Reached skill level 5 in Short Blades
  7929 | D:7      | Bought a scroll labelled HYHEEW ZUMESA for 25 gold pieces
  7929 | D:7      | Bought a dark potion for 22 gold pieces
  7929 | D:7      | Bought a green potion for 22 gold pieces
  7967 | D:8      | Noticed Gastronok
  8028 | D:8      | Killed Gastronok
  8029 | D:8      | Reached skill level 1 in Fire Magic
  8158 | D:8      | Noticed a cyclops
  8166 | D:8      | Killed a cyclops
  8167 | D:8      | Reached XP level 10. HP: 70/70 MP: 18/18
  8279 | D:8      | Identified a scroll of acquirement
  8280 | D:8      | Acquired 1197 gold pieces
  8352 | D:7      | Bought a polished falchion for 200 gold pieces
  8352 | D:7      | Identified the +7 falchion "Zanetich" {heavy, rN+} (You
                  | bought it in a shop on level 7 of the Dungeon)
  8352 | D:7      | Bought a tapered bronze wand for 100 gold pieces
  8646 | D:8      | Learned a level 1 spell: Apportation
  8691 | D:9      | Found a bloodstained altar of Trog.
  8794 | D:9      | Reached * piety under Vehumet
  8794 | D:9      | Offered knowledge of Sandblast by Vehumet.
  8939 | D:9      | Reached skill level 1 in Evocations
  8999 | D:9      | Found a staircase to the Lair.
  9015 | D:9      | Noticed Maggie
  9019 | D:9      | Killed Maggie
  9169 | D:9      | Found Avuuth's Assorted Antiques.
  9177 | D:9      | Bought a cyan potion for 26 gold pieces
  9177 | D:9      | Bought a cyan potion for 26 gold pieces
  9177 | D:9      | Bought a scroll labelled TIYXKA KESCHEZXE for 29 gold
                  | pieces
  9177 | D:9      | Bought a scroll of identify for 58 gold pieces
  9177 | D:9      | Bought a scroll of identify for 58 gold pieces
  9177 | D:9      | Bought a scroll of identify for 58 gold pieces
  9177 | D:9      | Bought a scroll of fog for 116 gold pieces
  9263 | D:9      | Reached skill level 5 in Stealth
  9378 | D:9      | Reached skill level 4 in Shields
  9495 | D:9      | Noticed Psyche
  9501 | D:9      | Killed Psyche
  9544 | D:9      | Reached ** piety under Vehumet
  9791 | D:9      | Offered knowledge of Freeze by Vehumet.
 10098 | D:10     | Entered Level 10 of the Dungeon
 10131 | D:10     | Noticed Fannar
 10142 | D:10     | Killed Fannar
 10143 | D:10     | Reached XP level 11. HP: 74/75 MP: 11/21
 10386 | D:10     | Found a flagged portal.
 10390 | D:10     | Noticed Amaemon
 10399 | D:10     | Killed Amaemon
 10405 | Bailey   | Entered a bailey
 10541 | Bailey   | Learned a level 4 spell: Sticky Flame
 10546 | Bailey   | Learned a level 4 spell: Summon Blazeheart Golem
 10592 | Bailey   | Reached skill level 1 in Summonings
 10681 | Bailey   | Offered knowledge of Inner Flame by Vehumet.
 10900 | Bailey   | Reached *** piety under Vehumet
 10998 | Bailey   | Identified the +4 chain mail of the Lachrymose God {Harm
                  | rF- Dex+5 Stlth+}
 11378 | D:10     | Found a sacrificial altar of Ru.
 12283 | D:11     | Found a portal to a secret trove of treasure.
 12331 | D:11     | Reached skill level 5 in Fire Magic
 12451 | D:11     | Noticed a two-headed ogre
 12465 | D:11     | Killed a two-headed ogre
 12465 | D:11     | Offered knowledge of Brom's Barrelling Boulder by Vehumet.
 13029 | D:11     | Learned a level 2 spell: Blink
 13043 | D:12     | Reached skill level 10 in Air Magic
 13363 | D:12     | Reached **** piety under Vehumet
 13364 | D:12     | Reached XP level 12. HP: 57/81 MP: 18/23
 13803 | D:12     | Offered knowledge of Volatile Blastmotes by Vehumet.
 14030 | D:12     | Found a runed translucent gate.
 14031 | D:12     | Found a runed translucent gate.
 14031 | D:12     | Found a runed translucent gate.
 14032 | D:12     | Found an opulent altar of Gozag.
 14033 | D:12     | Noticed a boulder beetle
 14034 | D:12     | Noticed cvdvbs's ghost (journeyman MiFi)
 14035 | D:12     | Found Ruvi's Assorted Antiques.
 14043 | D:12     | Found a staircase to the Orcish Mines.
 14181 | D:12     | Learned a level 6 spell: Plasma Beam
 14217 | Orc:1    | Entered Level 1 of the Orcish Mines
 14389 | Orc:1    | Found Ciusuh's Armour Shop.
 14430 | Orc:1    | Noticed an ettin
 14433 | Orc:1    | Killed an ettin
 14751 | Orc:2    | Entered Level 2 of the Orcish Mines
 14850 | Orc:2    | Noticed a two-headed ogre
 14915 | Orc:2    | Reached ***** piety under Vehumet
 14915 | Orc:2    | Offered knowledge of Fireball by Vehumet.
 14972 | Orc:2    | Noticed a two-headed ogre
 14976 | Orc:2    | Killed a two-headed ogre
 15266 | Orc:2    | Noticed an ogre mage
 15268 | Orc:2    | Killed an ogre mage
 15289 | Orc:2    | Noticed a two-headed ogre
 15290 | Orc:2    | Killed a two-headed ogre
 15294 | Orc:2    | Killed a two-headed ogre
 15295 | Orc:2    | Reached skill level 10 in Spellcasting
 15298 | Orc:2    | Noticed an ogre mage
 15300 | Orc:2    | Killed an ogre mage
 15353 | Orc:2    | Noticed a two-headed ogre
 15355 | Orc:2    | Killed a two-headed ogre
 15356 | Orc:2    | Noticed a two-headed ogre
 15357 | Orc:2    | Killed a two-headed ogre
 15358 | Orc:2    | Noticed a two-headed ogre
 15359 | Orc:2    | Killed a two-headed ogre
 15360 | Orc:2    | Reached XP level 13. HP: 86/86 MP: 16/27
 15366 | Orc:2    | Learned a level 5 spell: Fireball
 15455 | Orc:2    | Found a staircase to the Elven Halls.
 15725 | Orc:2    | Reached skill level 1 in Translocations
 15893 | Orc:2    | Reached skill level 5 in Shields
 15997 | Orc:2    | Found Hidoxesm's Armour Emporium.
 15997 | Orc:2    | Found Reudy's Weapon Boutique.
 15998 | Orc:2    | Found Ruhuihee's Antique Armour Shop.
 15998 | Orc:2    | Found Darghus's Jewellery Emporium.
 16036 | Orc:2    | Bought a pair of glowing gloves for 262 gold pieces
 16554 | D:5      | Killed paps's ghost
 16834 | D:12     | Killed cvdvbs's ghost
 16912 | D:12     | Bought a scroll labelled ZIVOFY FYA for 31 gold pieces
 16912 | D:12     | Bought a ruby potion for 27 gold pieces
 16912 | D:12     | Bought a red potion for 27 gold pieces
 16912 | D:12     | Bought a scroll labelled EFIETES VERI for 31 gold pieces
 16912 | D:12     | Bought a scroll of identify for 62 gold pieces
 16912 | D:12     | Bought a scroll of identify for 62 gold pieces
 17030 | Lair:1   | Entered Level 1 of the Lair of Beasts
 17498 | Lair:1   | Found a runed translucent door.
 17498 | Lair:1   | Noticed Acikaus's ghost (journeyman MiFi)
 17511 | Lair:1   | Killed Acikaus's ghost
 17816 | Lair:1   | Found the +8 whip "Snakebite" {venom, curare, rPois}
 18652 | Lair:2   | Offered knowledge of Freezing Cloud by Vehumet.
 18710 | Lair:2   | Found a staircase to the Swamp.
 19275 | Lair:2   | Reached XP level 14. HP: 96/96 MP: 28/29
 19603 | Lair:2   | Found a snail-covered altar of Cheibriados.
 20178 | Lair:2   | Found a staircase to the Snake Pit.
 20284 | Lair:3   | Reached skill level 5 in Dodging
 20294 | Lair:3   | Found a dark tunnel.
 20336 | Volcano  | Entered a volcano
 20342 | Volcano  | Reached skill level 5 in Fighting
 20354 | Lair:3   | Found a gate leading to a gauntlet.
 20363 | Gauntlet | Entered a Gauntlet
 20363 | Gauntlet | Found a transporter.
 20363 | Gauntlet | Found a transporter.
 20400 | Gauntlet | Found a transporter.
 20403 | Gauntlet | Found a transporter.
 20405 | Gauntlet | Found a transporter.
 20413 | Gauntlet | Found a transporter.
 20479 | Gauntlet | Found a transporter.
 20481 | Gauntlet | Found a large runed translucent door.
 20482 | Gauntlet | Found a large runed translucent door.
 20483 | Gauntlet | Found a large runed translucent door.
 20483 | Gauntlet | Found a large runed translucent door.
 20483 | Gauntlet | Found a runed translucent door.
 20483 | Gauntlet | Found a runed translucent door.
 20484 | Gauntlet | Found a large runed translucent door.
 20485 | Gauntlet | Found a large runed translucent door.
 20486 | Gauntlet | Found a large runed translucent door.
 20486 | Gauntlet | Found a large runed translucent door.
 20487 | Gauntlet | Found a runed translucent gate.
 20487 | Gauntlet | Found a runed translucent gate.
 20487 | Gauntlet | Found a runed translucent gate.
 20489 | Gauntlet | Found a transporter.
 20498 | Gauntlet | Found a large runed translucent door.
 20498 | Gauntlet | Found a large runed translucent door.
 20499 | Gauntlet | Found a large runed translucent door.
 20500 | Gauntlet | Found a large runed translucent door.
 20504 | Gauntlet | Found a transporter.
 20514 | Gauntlet | Found a transporter.
 20529 | Gauntlet | Found a transporter.
 20535 | Gauntlet | Found a transporter.
 20567 | Gauntlet | Found a large runed translucent door.
 20568 | Gauntlet | Found a large runed translucent door.
 20569 | Gauntlet | Found a large runed translucent door.
 20569 | Gauntlet | Found a large runed translucent door.
 20725 | Gauntlet | Reached skill level 5 in Evocations
 20893 | Gauntlet | Identified the ring of Caco {rN+ Str+6 Int+4 Stlth+}
 21050 | Lair:3   | Reached ****** piety under Vehumet
 21054 | Lair:3   | Offered knowledge of Orb of Destruction by Vehumet.
 22158 | Lair:4   | Found a frozen archway.
 22229 | IceCv    | Entered an ice cave
 22278 | IceCv    | Found a transporter.
 22292 | IceCv    | Found a transporter.
 22656 | Lair:4   | Reached skill level 10 in Fire Magic
 23129 | Lair:4   | Found a staircase to the Slime Pits.
 23130 | Lair:4   | Found a viscous altar of Jiyva.
 23783 | Lair:5   | Entered Level 5 of the Lair of Beasts
 23895 | Lair:4   | Offered knowledge of Irradiate by Vehumet.
 23930 | Lair:5   | Reached XP level 15. HP: 101/105 MP: 25/30
 23939 | Lair:4   | Learned a level 5 spell: Irradiate
 24893 | Lair:5   | Reached skill level 5 in Conjurations
 27109 | D:13     | Identified the +4 scimitar "Jymelame" {antimagic, Str+4
                  | Dex+2}
 27133 | D:13     | Found Zaesa's Magic Scroll Shop.
 27141 | D:13     | Bought a scroll of identify for 36 gold pieces
 27141 | D:13     | Bought a scroll of immolation for 72 gold pieces
 27141 | D:13     | Bought a scroll of teleportation for 54 gold pieces
 27384 | D:13     | Found Aguci's Magic Scroll Shop.
 27441 | D:13     | Found Goir's Distillery.
 27451 | D:13     | Bought a potion of cancellation for 96 gold pieces
 27500 | D:13     | Found a transporter.
 27510 | D:13     | Found a bloodstained altar of Trog.
 27511 | D:13     | Noticed lis82's ghost (journeyman DgIE)
 27573 | D:13     | Found a transporter.
 27935 | D:14     | Offered knowledge of Yara's Violent Unravelling by Vehumet.
 28091 | D:14     | Found a gate to the Vaults.
 28497 | D:14     | Found a snail-covered altar of Cheibriados.
 28697 | D:15     | Entered Level 15 of the Dungeon
 29472 | D:15     | Reached XP level 16. HP: 115/115 MP: 29/31
 29714 | D:15     | Noticed Nessos
 29721 | D:15     | Killed Nessos
 30085 | D:15     | Found a staircase to the Depths.
 30639 | Swamp:1  | Entered Level 1 of the Swamp
 31915 | Swamp:2  | Noticed Donald
 32011 | Swamp:2  | Killed Donald
 32468 | Swamp:2  | Offered knowledge of Conjure Ball Lightning by Vehumet.
 33034 | Swamp:2  | Reached skill level 15 in Air Magic
 34142 | Swamp:3  | Noticed a kraken
 34148 | Swamp:3  | Killed a kraken
 34681 | Swamp:4  | Entered Level 4 of the Swamp
 34968 | Swamp:4  | Noticed Mara
 35536 | Swamp:4  | Noticed a thorn hunter
 35537 | Swamp:4  | Killed a thorn hunter
 35767 | Swamp:4  | Reached XP level 17. HP: 124/124 MP: 31/32
 36664 | Swamp:4  | Offered knowledge of Maxwell's Capacitive Coupling by
                  | Vehumet.
 36890 | D:13     | Bought a scroll of amnesia for 64 gold pieces
 36900 | D:13     | Learned a level 8 spell: Maxwell's Capacitive Coupling
 37354 | Swamp:4  | Noticed Ge0ff's illusion
 37354 | Swamp:4  | Killed Mara
 37364 | Swamp:4  | Paralysed by a fenstrider witch for 2 turns
 38273 | Swamp:4  | Got a decaying rune of Zot
 38673 | Snake:1  | Entered Level 1 of the Snake Pit
 38673 | Snake:1  | Identified the serpent talisman of the Sturgeon {*Corrode
                  | Str+6 Dex+3}
 38673 | Snake:1  | Noticed Aizul
 38680 | Snake:1  | Killed Aizul
 39934 | Snake:1  | Found a large runed translucent door.
 39934 | Snake:1  | Found a large runed translucent door.
 39938 | Snake:1  | Noticed farilari's ghost (adept SpHu)
 40389 | Snake:1  | Killed farilari's ghost
 40781 | Snake:2  | Noticed Vashnia
 41703 | Snake:2  | Killed Vashnia
 42024 | Snake:2  | Identified the granite talisman "Buhusuth" {*Corrode rN+
                  | Dex+2 Stlth+}
 42024 | Snake:2  | Noticed Roxanne
 42029 | Snake:2  | Killed Roxanne
 42109 | Snake:2  | Found Zytossum's Jewellery Boutique.
 42111 | Snake:2  | Found Sohief's Book Emporium.
 42112 | Snake:2  | Found Haliliotz's Jewellery Boutique.
 42121 | Snake:2  | Bought the ring "Kimm" {rF+ rN+ Will+ rCorr} for 744 gold
                  | pieces
 42876 | Snake:3  | Offered knowledge of Fire Storm by Vehumet.
 42876 | Snake:3  | Offered knowledge of Chain Lightning by Vehumet.
 42876 | Snake:3  | Offered knowledge of Ignition by Vehumet.
 43633 | Snake:3  | Reached skill level 1 in Armour
 43827 | Snake:3  | Learned a level 2 spell: Sublimation of Blood
 44055 | Snake:4  | Entered Level 4 of the Snake Pit
 44055 | Snake:4  | Found a transporter.
 44055 | Snake:4  | Found a transporter.
 44246 | Snake:4  | Reached skill level 1 in Necromancy
 44248 | Snake:4  | Reached XP level 18. HP: 133/133 MP: 10/34
 44436 | Snake:4  | Noticed Saint Roka
 44659 | Snake:3  | Killed Saint Roka
 45229 | Snake:4  | Reached skill level 10 in Alchemy
 45340 | Snake:4  | Found a transporter.
 45348 | Snake:4  | Found a transporter.
 45419 | Snake:4  | Found a transporter.
 45420 | Snake:4  | Found a transporter.
 45737 | Snake:4  | Reached skill level 10 in Fighting
 46286 | Snake:4  | Got a serpentine rune of Zot
 46651 | D:13     | Killed lis82's ghost
 46727 | D:13     | Found a transporter.
 46731 | D:13     | Found a bloodstained altar of Trog.
 46753 | D:13     | Found a transporter.
 46795 | D:13     | Got the Directory of Glowing Refrigeration
 46921 | D:13     | Found Zaesa's Magic Scroll Shop.
 46962 | D:13     | Found Goir's Distillery.
 47005 | D:13     | Found Aguci's Magic Scroll Shop.
 47129 | D:11     | You paid a toll of 14 scrolls of teleportation to enter a
                  | treasure trove
 47130 | Trove    | Entered a treasure trove
 47132 | Trove    | Found the +9 scales of the Dragon King {rPois rF+ rC+
                  | Will+}
 47134 | Trove    | Identified the scarf "Muppe" {repulsion, Fly rPois rC+
                  | Int-4}
 47137 | Trove    | Identified the +4 helmet of Oblivion {rPois}
 47140 | Trove    | Identified the +0 helmet of the Catamount {rC+ Slay+2
                  | Stlth-}
 47141 | Trove    | Identified the +0 pair of gloves of Impressiveness {Int+3}
 47142 | Trove    | Identified the scarf of Ynischios {harm, Will+ rCorr}
 47144 | Trove    | Identified the +1 helmet "Rigyitiwn" {rElec rC++ Will+
                  | Str+3}
 47145 | Trove    | Identified the +0 chain mail of the Tormentor {rC- rN+
                  | Will+}
 47146 | Trove    | Identified the +3 ring mail of the Thirteen Friars {Str+4}
 47406 | Snake:2  | Bought the ring "Diss" {Fire rPois Will- Int+9} for 916
                  | gold pieces
 47628 | Elf:1    | Entered Level 1 of the Elven Halls
 48194 | Elf:1    | Reached skill level 5 in Armour
 48318 | Elf:1    | Found Ucov's General Store.
 48332 | Elf:1    | Bought a potion of heal wounds for 75 gold pieces
 48332 | Elf:1    | Bought a potion of resistance for 150 gold pieces
 48332 | Elf:1    | Bought a scroll of vulnerability for 60 gold pieces
 48332 | Elf:1    | Bought a scroll of immolation for 60 gold pieces
 48668 | Elf:1    | Paralysed by an air elemental for 1 turns
 48736 | Elf:1    | Reached XP level 19. HP: 108/140 MP: 28/35
 49458 | Elf:2    | Reached skill level 6 in Shields
 49662 | Elf:2    | Identified the +2 scale mail of the Dungeon {rElec Str+4}
 49921 | Elf:2    | Paralysed by an air elemental for 1 turns
 49927 | Elf:2    | Reached skill level 7 in Shields
 50311 | Elf:2    | Found a large runed translucent door.
 50311 | Elf:2    | Found a large runed translucent door.
 50351 | Elf:2    | Found a large runed translucent door.
 50351 | Elf:2    | Found a large runed translucent door.
 50838 | Elf:2    | Reached skill level 5 in Necromancy
 51454 | Elf:3    | Entered Level 3 of the Elven Halls
 51455 | Elf:3    | Paralysed by an air elemental for 1 turns
 51913 | Elf:3    | Identified the ring of Orthodoxy {rN+ Will+}
 51971 | Elf:3    | Identified the staff "Badwuy" {rC+ rCorr Ice Air}
 52543 | Elf:3    | Reached skill level 10 in Conjurations
 52585 | Elf:3    | Reached XP level 20. HP: 109/147 MP: 13/36
 52662 | Elf:3    | Reached skill level 10 in Necromancy
 52721 | Elf:3    | Identified the staff "Uketykh" {*Slow rF+ Str+2 Dex+3 Fire}
 52749 | Elf:3    | Identified the +10 mace of Sloth {holy, *Corrode rPois
                  | Int+8}
 52755 | Elf:3    | Identified the +2 ring mail of the Terrible Cicada {Fly
                  | rF+}
 52764 | Elf:3    | Identified the +5 flail "Nohir" {pain, rPois rF+ rC+ rN+}
 52767 | Elf:3    | Identified the staff of Gozag {rN+ MP+9 Str+2 Necro}
 52771 | Elf:3    | Identified the staff of Laceration {*Slow rPois Str+3 Int+3
                  | Alchemy}
 52774 | Elf:3    | Identified the +1 scale mail of Iguazu Saod {Regen+ Int+3}
 52845 | Elf:3    | Acquired 379 gold pieces
 52867 | Elf:3    | Upgraded the game from 0.31-a0-1597-ge7908ec95f to
                  | 0.31-a0-1606-g60c5cc7444
 53077 | Vaults:1 | Entered Level 1 of the Vaults
 54607 | Vaults:2 | You fall into a shaft and drop 1 floor!
 54753 | Vaults:3 | Found a staircase to the Crypt.
 54851 | Vaults:2 | Found Ytagainli's Antique Armour Emporium.
 54888 | Vaults:2 | Noticed Bai Suzhen
 54897 | Vaults:2 | Killed Bai Suzhen
 54898 | Vaults:2 | Reached skill level 10 in Armour
 55092 | Vaults:2 | Identified the +11 sling of Bikapu Kyph {speed, rF+}
 55380 | Vaults:2 | Got the Essays on the Sepulchral Wendigo
 55397 | Vaults:2 | Noticed Sojobo
 55400 | Vaults:2 | Reached skill level 15 in Spellcasting
 55400 | Vaults:2 | Reached XP level 21. HP: 139/153 MP: 34/40
 55405 | Vaults:2 | Killed Sojobo
 55879 | Vaults:3 | Identified the staff of Doawearo {rElec Str+3 Air}
 56293 | Vaults:3 | Noticed Norris
 56294 | Vaults:3 | Reached skill level 1 in Throwing
 56300 | Vaults:3 | Killed Norris
 56891 | Vaults:4 | Reached XP level 22. HP: 163/163 MP: 41/41
 57157 | Vaults:4 | Identified the +1 robe "Gudos" {-Tele rF+ rN++ Dex+3}
 58165 | Depths:1 | Entered Level 1 of the Depths
 58312 | Depths:1 | Found a hazy altar of Hepliaklqana.
 58454 | Depths:1 | Found a gateway to Hell.
 58613 | Depths:1 | Found a one-way gate to the infinite horrors of the Abyss.
 58667 | Depths:1 | Found Jipi's Antique Armour Shoppe.
 59064 | Depths:2 | Found a one-way gate leading to the halls of Pandemonium.
 59126 | Depths:2 | Reached skill level 8 in Shields
 59963 | Depths:3 | Noticed a caustic shrike
 59964 | Depths:3 | Noticed a caustic shrike
 59965 | Depths:3 | Noticed a caustic shrike
 59967 | Depths:3 | Killed a caustic shrike
 59976 | Depths:2 | Killed a caustic shrike
 60035 | Depths:2 | Killed a caustic shrike
 60036 | Depths:2 | Reached XP level 23. HP: 154/171 MP: 8/42
 60825 | Depths:3 | Found a one-way gateway to a ziggurat.
 60877 | Depths:3 | Found Gozag's Antique Armour Shoppe.
 61001 | Depths:3 | Found an opulent altar of Gozag.
 61004 | Depths:3 | Found Gozag's Antique Weapon Shoppe.
 61018 | Depths:3 | Found Gozag's Antique Armour Emporium.
 61182 | Depths:3 | Found Muciamah's Self-Published Books.
 61356 | Depths:3 | Learned a level 3 spell: Passwall
 61362 | Depths:3 | Learned a level 5 spell: Lee's Rapid Deconstruction
 61377 | Depths:4 | Entered Level 4 of the Depths
 61378 | Depths:4 | Noticed a juggernaut
 61386 | Depths:4 | Killed a juggernaut
 61459 | Depths:3 | Reached skill level 1 in Earth Magic
 61941 | Depths:4 | Reached skill level 15 in Fire Magic
 62109 | Depths:4 | Found a gate to the Realm of Zot.
 62828 | Crypt:1  | Entered Level 1 of the Crypt
 63049 | Crypt:1  | Reached skill level 5 in Throwing
 63107 | Crypt:1  | Reached skill level 9 in Shields
 63409 | Crypt:1  | Found an ancient bone altar of Kikubaaqudgha.
 64548 | Crypt:2  | Reached XP level 24. HP: 180/180 MP: 32/42
 65217 | Crypt:3  | Entered Level 3 of the Crypt
 65338 | Crypt:3  | Reached skill level 5 in Earth Magic
 65904 | Crypt:3  | Reached skill level 10 in Evocations
 66130 | Crypt:3  | Reached skill level 10 in Shields
 66219 | Crypt:3  | Found a staircase to the Tomb.
 66294 | Crypt:3  | Reached skill level 10 in Dodging
 66348 | Crypt:3  | Found an ancient bone altar of Kikubaaqudgha.
 66386 | Crypt:3  | Got the Tome of Unhallowed Rituals
 66388 | Crypt:3  | Found a basalt altar of Yredelemnul.
 66447 | Crypt:3  | Identified the staff "Suekash" {rElec rF+ Fire}
 66480 | Crypt:3  | Identified the ring of Otuck {Ice Fly Str-3 SInv Stlth+}
 66708 | Vaults:5 | Entered Level 5 of the Vaults
 66738 | Vaults:5 | Noticed a dread lich
 66744 | Vaults:5 | Killed a dread lich
 67024 | Vaults:5 | Identified the ring "Hesasac" {Fly rF+ rC- Int+6 Dex+8}
 67107 | Vaults:5 | Noticed a dread lich
 67114 | Vaults:5 | Killed a dread lich
 67656 | Vaults:5 | Reached skill level 11 in Shields
 68042 | Vaults:5 | Reached XP level 25. HP: 190/190 MP: 29/42
 68475 | Vaults:5 | Reached skill level 12 in Shields
 68652 | Vaults:5 | Identified the +5 triple crossbow "Egauf" {flame, ^Fragile
                  | Str+4}
 68652 | Vaults:5 | Identified the ring of Maner {rN+ Will+ Int+6 Slay+2}
 68840 | Vaults:5 | Identified the staff of Kikh {rElec rN+ Int+2 Necro}
 69138 | Vaults:5 | Found the +8 Vampire's Tooth {megavamp}
 69483 | Vaults:5 | Got a silver rune of Zot
 69525 | Vaults:5 | Identified the +3 spear of Anloxeoh {freeze, rCorr Int-5
                  | SInv}
 69526 | Vaults:5 | Identified the +10 crystal plate armour "Lyiduk" {rF+ Will+
                  | Regen+}
 69603 | Vaults:5 | Learned a level 5 spell: Yara's Violent Unravelling
 70062 | Slime:1  | Entered Level 1 of the Pits of Slime
 70073 | Slime:1  | Reached skill level 1 in Hexes
 70271 | Slime:2  | Noticed Dissolution
 70283 | Slime:1  | Killed Dissolution
 70352 | Slime:2  | Reached skill level 15 in Fighting
 70547 | Slime:3  | Reached skill level 5 in Hexes
 70548 | Slime:3  | Paralysed by a formless jellyfish for 1 turns
 70821 | Slime:5  | Entered Level 5 of the Pits of Slime
 70989 | Slime:2  | Reached skill level 13 in Shields
 71769 | Slime:5  | Noticed the Royal Jelly
 71773 | Slime:5  | Killed the Royal Jelly
 72022 | Slime:4  | Reached skill level 14 in Shields
 73787 | Slime:5  | Identified the +1 robe "Venoexe" {Str+3 Dex+3 SInv}
 73800 | Slime:5  | Identified the +4 quarterstaff of Joyful Slaughter {heavy,
                  | +Blink rC+}
 73805 | Slime:5  | Identified the +8 lajatang "Taolif" {freeze, rElec Str-5
                  | Int+5 SInv}
 73825 | Slime:5  | Got the Reference Book on Cryomancy
 74017 | Slime:5  | Identified the +6 morningstar of Xom's Generosity {freeze,
                  | ^Fragile rF+ Dex+4 SInv}
 74028 | Slime:5  | Identified the +3 kite shield of the Cartwright {rCorr
                  | Int+3 Dex-5}
 74113 | Slime:5  | Got a slimy rune of Zot
 74121 | Slime:5  | Identified the +1 sling "Impslayer" {heavy, rC- rN+ Will+
                  | SInv}
 74733 | D:13     | Bought a potion of mutation for 96 gold pieces
 74733 | D:13     | Bought a potion of enlightenment for 60 gold pieces
 74733 | D:13     | Bought a potion of curing for 36 gold pieces
 74733 | D:13     | Bought 2 potions of curing for 72 gold pieces
 74765 | D:13     | Bought a scroll of fear for 64 gold pieces
 74765 | D:13     | Bought a scroll of poison for 64 gold pieces
 74765 | D:13     | Bought a scroll of fear for 64 gold pieces
 74915 | Zot:1    | Entered Level 1 of the Realm of Zot
 74939 | Zot:1    | Reached skill level 15 in Shields
 75094 | Zot:1    | Reached XP level 26. HP: 195/201 MP: 42/42
 75104 | Zot:1    | Reached skill level 16 in Shields
 76372 | Zot:2    | Reached skill level 17 in Shields
 76953 | Zot:2    | Identified the staff of Skirmishing {rElec Str+6 Int-5
                  | Dex-5 Air}
 77013 | Zot:2    | Reached skill level 18 in Shields
 77172 | Zot:2    | Identified the staff "Zir Lick" {rElec rPois rN+ Str+2 SInv
                  | Air}
 77458 | Zot:2    | Noticed an orb of fire
 77835 | Zot:2    | Reached skill level 19 in Shields
 78355 | Zot:2    | Identified the +3 kite shield of Analysis {Rampage *Corrode
                  | +Inv}
 78996 | Zot:2    | Killed an orb of fire
 80149 | Zot:3    | Reached skill level 20 in Shields
 80195 | Zot:3    | Noticed an orb of fire
 80198 | Zot:3    | Killed an orb of fire
 80595 | Zot:3    | Reached XP level 27. HP: 207/207 MP: 36/42
 80665 | Zot:3    | Identified the ring of Ignis's Pride {Ice rCorr}
 80665 | Zot:3    | Noticed Josephina
 80674 | Zot:3    | Killed Josephina
 81309 | Zot:4    | Reached skill level 21 in Shields
 82925 | Zot:4    | Reached skill level 22 in Shields
 83151 | Zot:5    | Entered Level 5 of the Realm of Zot
 84087 | Zot:5    | Noticed an orb of fire
 84087 | Zot:5    | Noticed an orb of fire
 84182 | Zot:5    | Noticed an orb of fire
 84186 | Zot:5    | Killed an orb of fire
 84192 | Zot:5    | Noticed an orb of fire
 84195 | Zot:5    | Killed an orb of fire
 84196 | Zot:5    | Gained mutation: Your body sometimes deteriorates upon
                  | taking damage. [an orb of fire]
 84255 | Zot:5    | Noticed an orb of fire
 84258 | Zot:5    | Killed an orb of fire
 84258 | Zot:5    | Gained mutation: You occasionally shout uncontrollably at
                  | your foes. [an orb of fire]
 84332 | Zot:5    | Killed an orb of fire
 84642 | Zot:5    | Noticed an orb of fire
 84646 | Zot:5    | Killed an orb of fire
 84959 | Zot:5    | Noticed an ancient lich
 84960 | Zot:5    | Noticed a dread lich
 84963 | Zot:5    | Killed an ancient lich
 84967 | Zot:5    | Killed a dread lich
 85255 | Zot:5    | Gained mutation: You frequently scream uncontrollably at
                  | your foes. [an orb of fire]
 85257 | Zot:5    | Gained mutation: Your flesh is cold resistant. (rC+) [an
                  | orb of fire]
 85261 | Zot:5    | Killed an orb of fire
 85431 | Zot:5    | Noticed a dread lich
 85437 | Zot:5    | Killed a dread lich
 85567 | Zot:5    | Noticed an orb of fire
 85568 | Zot:5    | Gained mutation: You sometimes lose your temper in combat.
                  | [an orb of fire]
 85582 | Zot:5    | Gained mutation: You are clumsy. (Dex -2) [an orb of fire]
 85583 | Zot:5    | Killed an orb of fire
 85679 | Zot:5    | Noticed an ancient lich
 85683 | Zot:5    | Killed an ancient lich
 85697 | Zot:5    | Reached skill level 23 in Shields
 87027 | Zot:5    | Noticed a dread lich
 87032 | Zot:5    | Killed a dread lich
 87127 | Zot:5    | Noticed a dread lich
 87128 | Zot:5    | Noticed a dread lich
 87131 | Zot:5    | Killed a dread lich
 87135 | Zot:5    | Killed a dread lich
 87145 | Zot:5    | Learned a level 8 spell: Ignition
 87172 | Zot:5    | Reached skill level 24 in Shields
 87626 | Zot:5    | Lost mutation: You frequently scream uncontrollably at your
                  | foes. [potion of mutation]
 87626 | Zot:5    | Lost mutation: Your flesh is cold resistant. (rC+) [potion
                  | of mutation]
 87626 | Zot:5    | Lost mutation: You occasionally shout uncontrollably at
                  | your foes. [potion of mutation]
 87626 | Zot:5    | Gained mutation: You are occasionally teleported next to
                  | monsters. [potion of mutation]
 87627 | Zot:5    | Lost mutation: You are clumsy. (Dex -2) [potion of
                  | mutation]
 87627 | Zot:5    | Lost mutation: You sometimes lose your temper in combat.
                  | [potion of mutation]
 87627 | Zot:5    | Gained mutation: You have a somewhat thin skeletal
                  | structure. (Dex +2, Stealth+) [potion of mutation]
 87627 | Zot:5    | Gained mutation: Your movements are slightly less
                  | encumbered by armour. (ER -2) [potion of mutation]
 87851 | Zig:1    | Entered Level 1 of a ziggurat
 87880 | Zig:2    | Entered Level 2 of a ziggurat
 87880 | Zig:2    | Found the +2 hat of the Bear Spirit {Spirit, Bear, *Rage
                  | Will++}
 87908 | Zig:2    | Identified the +3 quarterstaff "Welaut" {spect, Fly Stlth+}
 87911 | Zig:3    | Entered Level 3 of a ziggurat
 87931 | Zig:3    | Identified the amulet of Ahix {Spirit Rampage}
 87943 | Zig:4    | Entered Level 4 of a ziggurat
 87987 | Zig:5    | Entered Level 5 of a ziggurat
 87993 | Zig:5    | Learned a level 4 spell: Passage of Golubria
 88019 | Zig:6    | Entered Level 6 of a ziggurat
 88087 | Zig:7    | Entered Level 7 of a ziggurat
 88152 | Zig:7    | Identified the +2 ring mail of Hospitality {Rampage Will+
                  | Str+2 Stlth+}
 88167 | Zig:8    | Entered Level 8 of a ziggurat
 88183 | Zig:9    | Entered Level 9 of a ziggurat
 88207 | Zig:9    | Reached skill level 25 in Shields
 88226 | Zig:9    | Identified the +6 falchion of Nemelex Xobeh's Fury {holy,
                  | ^Drain rC+ SInv Stlth+}
 88322 | Zig:10   | Entered Level 10 of a ziggurat
 88394 | Zig:10   | Identified the +0 ring mail "Tuacvoad" {*Slow +Inv rPois
                  | Dex+6}
 88449 | Zig:11   | Entered Level 11 of a ziggurat
 88511 | Zig:11   | Identified the +7 great sword of the Red Skies {antimagic,
                  | Str-4 Int+3 Stlth+}
 88522 | Zig:11   | Got Performing Successful Mysticism
 88529 | Zig:11   | Identified the +4 long sword "Impbane" {flame, ^Drain Int+6
                  | Dex+5}
 88532 | Zig:11   | Identified the staff "Boomuseh" {*Corrode rC+ Int+7 Ice}
 88562 | Zig:12   | Entered Level 12 of a ziggurat
 88573 | Zig:12   | Reached skill level 26 in Shields
 88618 | Zig:12   | Identified the +1 long sword "Mucleps" {elec, rF- Str+4
                  | SInv}
 88624 | Zig:12   | Identified the +4 quarterstaff of the Snake Pit {drain, rF+
                  | rC- Will++ rCorr}
 88627 | Zig:12   | Identified the +2 chain mail of Kikubaaqudgha's Envy {Will+
                  | Dex+3 SInv}
 88670 | Zig:13   | Entered Level 13 of a ziggurat
 88686 | Zig:13   | Reached skill level 27 in Shields
 88735 | Zig:13   | Identified the +4 robe "Wumpaozo" {Str+3}
 88749 | Zig:13   | Got Sif Muna's Papyrus of Violence
 89036 | Zot:5    | Got the Orb of Zot
 89037 | Zot:5    | Lost mutation: You have a somewhat thin skeletal structure.
                  | (Dex +2, Stealth+) [potion of mutation]
 89037 | Zot:5    | Lost mutation: Your body sometimes deteriorates upon taking
                  | damage. [potion of mutation]
 89037 | Zot:5    | Lost mutation: Your movements are slightly less encumbered
                  | by armour. (ER -2) [potion of mutation]
 89037 | Zot:5    | Gained mutation: You possess an exceptional clarity of
                  | mind. [potion of mutation]
 89038 | Zot:5    | Lost mutation: You possess an exceptional clarity of mind.
                  | [potion of mutation]
 89038 | Zot:5    | Lost mutation: You are occasionally teleported next to
                  | monsters. [potion of mutation]
 89038 | Zot:5    | Gained mutation: You are agile. (Dex +4, Str/Int -1)
                  | [potion of mutation]
 89038 | Zot:5    | Gained mutation: You are dopey. (Int -2) [potion of
                  | mutation]
 89038 | Zot:5    | Gained mutation: You are covered in fur. (AC +1) [potion of
                  | mutation]
 89039 | Zot:5    | Lost mutation: You are covered in fur. (AC +1) [potion of
                  | mutation]
 89039 | Zot:5    | Lost mutation: You are dopey. (Int -2) [potion of mutation]
 89039 | Zot:5    | Gained mutation: You are covered in fur. (AC +1) [potion of
                  | mutation]
 89107 | Zot:2    | Reached skill level 10 in Stealth
 89179 | Depths:2 | Gained mutation: You occasionally shout uncontrollably at
                  | your foes. [a cacodemon]
 89181 | Depths:2 | Gained mutation: Your body sometimes deteriorates upon
                  | taking damage. [a cacodemon]
 89222 | Depths:1 | Noticed a seraph
 89576 | D:$      | Escaped with the Orb!

Illustrated notes

Levels and vault maps discovered:
D:1:      dpeg_arrival_subterranean_lakeside_camping, layout_basic, st_stairs_8,
          item_on_display_b
D:2:      layout_basic, minmay_split_cup_small, uniq_sigmund,
          uniq_crazy_yiuf_cottage
D:3:      layout_basic, serial_shops, nicolae_shop_window_shopping,
          kennysheep_generic_room_2
D:4:      layout_layer_cave, minitemple, xom_confusion_cloud,
          minmay_temple_entry_large_hall, enter_ossuary_2
D:5:      layout_rooms, overflow_temple_1_default,
          gammafunk_ghost_nasty_kobolds, uniq_grinder, uniq_ijyb, uniq_duvessa
D:6:      layout_loops_corners
D:7:      layout_rooms, mainiacjoe_overflow_alcove_4, serial_shops,
          nicolae_shop_pleasant_corner_grove, uniq_menkaure
D:8:      layout_rooms, dreamdust_princess_corridor, kb_lookout_dungeons_type,
          uniq_gastronok
D:9:      layout_basic, mainiacjoe_overflow_tiny_flanked,
          erik_lair_orcish_takeover, serial_undead, serial_undead_d,
          serial_undead_c, serial_undead_b, serial_undead_e, serial_undead_a,
          serial_undead_b, serial_undead_e, serial_undead_f, serial_shops, shop,
          uniq_maggie, uniq_psyche
D:10:     layout_grid_maze, nicolae_ru_the_path_less_chosen, enter_bailey_5,
          fountainhead, uniq_amaemon, uniq_fannar
D:11:     layout_rooms, nicolae_trove_entry_isolated, serial_demonic,
          serial_demonic_a, serial_demonic_c, serial_demonic_e,
          serial_demonic_d, serial_demonic_g, serial_demonic_c
D:12:     layout_small_grid, orc_0_dummy, ebering_ghost_gozag,
          hangedman_weighted_door
D:13:     layout_basic, serial_shops, shop, nicolae_shop_window_shopping,
          kennysheep_little_box, gammafunk_ghost_wrathful_warriors,
          minmay_diced_spiral
D:14:     layout_rooms, hellmonk_vaults_order_and_chaos, cheibriados_altar_1
D:15:     hangedman_depths_entry_civil_slaughter, layout_loops_cross,
          good_gods_mini_temple, palyth_stone_intersect, roderic_lattice_a,
          argonaut_gorgonesque, uniq_nessos
Temple:   nicolae_temple_ecumenical_triangle
Lair:1:   minmay_guarded_unrand_snakebite, layout_cave_pods,
          ebering_ghost_reflecting_pool, infiniplex_staircase_pool
Lair:2:   lemuel_ratsnest, layout_regular_city, swamp_mist_pool,
          minmay_snake_entry_spellcaster, kennysheep_snail_temple,
          grunt_megastairs_2
Lair:3:   layout_regular_city, gauntlet_entry_generic, serial_forest,
          infiniplex_forest_lined_3, infiniplex_forest_straight_2,
          infiniplex_forest_lined_3, infiniplex_forest_straight_4,
          infiniplex_forest_lined_4_way, infiniplex_forest_join,
          infiniplex_forest_zigzag_1, infiniplex_forest_straight_3,
          infiniplex_forest_lined_2, lightli_volcano_entry_magma_tube
Lair:4:   layout_regular_city, nicolae_slime_entry_slimehenge,
          portal_ice_cave_entry_pillars_2, bobbens_dragon_lair_wall
Lair:5:   hangedman_lair_tendril_chambers, layout_gridlike, ldierk_geyser,
          dreamdust_mushroom_princess, minmay_lair_oklob_items
Swamp:1:  layout_basic_swamp, hangedman_swamp_ruin_wall
Swamp:2:  nicolae_swamp_standing_stones, layout_basic_swamp,
          evilmike_swamp_ruin_house_6, uniq_donald
Swamp:3:  layout_falls_marsh, evilmike_swamp_ruin_house_3,
          nicolae_swamp_thats_no_hydra, infiniplex_staircase_pool_2
Swamp:4:  nzn_swamp_witches_coven, layout_basic_swamp, uniq_mara
Snake:1:  layout_misc_corridors, ebering_ghost_disaster_area, serial_bayou,
          serial_bayou_pond_d, serial_bayou_shore_b, serial_bayou_crossing,
          serial_bayou_shore_b, uniq_aizul
Snake:2:  layout_onion_interference, serial_library_hellmonk_long_bookcase,
          minmay_shop_grove, uniq_roxanne, uniq_vashnia
Snake:3:  layout_misc_corridors, grunt_megastairs_1
Snake:4:  johnstein_snake_rune_scales, layout_basic, serial_nicolae_subway,
          nicolae_sub_station_metal, nicolae_sub_station_stone,
          nicolae_sub_station_crystal, uniq_saint_roka
Slime:1:  layout_caves, basic_altar, cheibrodos_slime_lost_civilization_5
Slime:2:  layout_caves, dissolution_awaits
Slime:3:  layout_caves
Slime:4:  layout_caves, uniq_dissolution
Slime:5:  slime_pit_nicolae_trefoil
Orc:1:    layout_caves, serial_shops, nicolae_shop_peninsula,
          nicolae_orc_beogh_chapel
Orc:2:    st_orc_ogre_mass, layout_diamond_mine, mines1_david
Elf:1:    kennysheep_bubbly, layout_geoelf_grid, serial_shops, shop,
          evilmike_minifort
Elf:2:    elven_hall_of_blades_hangedman_alternative
          [nicolae_blade_entry_splitting_headache], layout_gridlike,
          st_stairs_1, grunt_megastairs_3
Elf:3:    elf_hall, layout_loops_ring, nicolae_elf_glass_and_crystal_pillar_2,
          minmay_misc_feat_rows
Vaults:1: nicolae_vaults_trapezoid_layered, nicolae_vaults_storage_room_doors,
          vaults_room_octagon, nicolae_vaults_shelves_hall,
          nicolae_vaults_whirlpool_walls, vaults_mumra_chevron_long,
          nicolae_vaults_cochlea, nicolae_vaults_rhombus_6,
          ontoclasm_vaults_pinch, serial_ice_g, layout_vaults_ring
Vaults:2: hangedman_vaults_variations, nicolae_vaults_security_offices_3,
          nicolae_vaults_door_testing_chamber, nicolae_vaults_six-pack,
          v_misc_15, dpeg_vaults_monster_row, hangedman_vaults_trim,
          v_alt_pattern_4, nicolae_vaults_storage_closets_1,
          nicolae_vaults_house_3, grunt_vaults_hallway_short,
          layout_vaults_omnicross, serial_shops, shop, uniq_margery,
          uniq_bai_suzhen, uniq_sojobo
Vaults:3: nicolae_vaults_diamond_1, nicolae_vaults_little_squares_4,
          minmay_crypt_entry_skeletal_spiral, v_misc_16,
          nicolae_vaults_shipping_containers_3, v_misc_29,
          nicolae_vaults_hexular_roomagon, nicolae_vaults_heist,
          nicolae_vaults_hallways_thing, vaults_mumra_chevron,
          vaults_room_fours, nicolae_vaults_sesquioval_fish, v_misc_24,
          layout_vaults_omnibox, uniq_norris
Vaults:4: v_misc_8, ontoclasm_vaults_spin, v_misc_4, nicolae_vaults_turnstiles,
          vaults_mumra_minichess, vaults_dpeg_diagonal,
          nicolae_vaults_big_angled_halls, ontoclasm_vaults_loading_screen,
          nicolae_vaults_variable_pillar_hall, layout_vaults_quadrants
Vaults:5
Crypt:1:  layout_chaotic_city, basic_altar, grunt_megastairs_5
Crypt:2:  layout_gridlike, skrybe_necro_troll_2
Crypt:3:  lightli_unholy_cathedral, layout_chaotic_city,
          nicolae_tomb_entry_grand_gallery
Depths:1: layout_forbidden_donut, lightli_too_deep, abyss_entry, serial_shops,
          shop, kennysheep_nondescript, hangedman_decor_opposing,
          nicolae_hepliaklqana_hazy_memory, roderic_lattice_octagonal_star
Depths:2: minmay_containers, layout_basic, hell_entry, pan_entry,
          minmay_staircase_windowed_small
Depths:3: kennysheep_gozag_temple, layout_cave_pools, enter_ziggurat_e,
          hellmouth_1, hangedman_abyss_entry_splay,
          minmay_misc_feat_four_crosses, grunt_ministairs_14,
          nicolae_custom_books, minmay_misc_feat_chi
Depths:4: evilmike_zot_entry_diamond, layout_twisted_cross,
          serial_library_regret_index_multi, hangedman_coc_ice_floe,
          grunt_pan_entry_zigzag, minmay_tree_intersection,
          minmay_alternating_orb
Zot:1:    layout_misc_corridors
Zot:2:    infiniplex_zot_generator, layout_basic, grunt_megastairs_4
Zot:3:    layout_misc_corridors, uniq_josephina
Zot:4:    regret_index_malice_mire, layout_onion_interference,
          regret_index_zotdec_glowing_original, regret_index_zotdec_banners
Zot:5:    layout_twisted_circle

Skill      XL: |  1  2  3  4  5  6  7  8  9 10 11 12 13 14 15 16 17 18 19 20 21 22 23 24 25 26 27 |
---------------+----------------------------------------------------------------------------------+-----
Conjurations   | 1 2 3 4 6 7 8 10 | 10.0
Air Magic      | 1 4 5 7 8 10 11 13 14 15 16 17 18 | 18.0
Alchemy        | 4 5 7 8 9 10 11 | 11.0
Spellcasting   | 3 4 5 6 7 10 11 12 15 16 | 16.3
Short Blades   | 1 2 7 |  7.0
Fighting       | 2 3 4 6 7 8 9 10 11 12 13 15 | 15.0
Shields        | 2 3 4 5 7 8 9 11 15 20 27 | 27.0
Fire Magic     | 2 4 6 8 9 10 11 12 13 14 15 16 | 16.0
Evocations     | 2 3 4 6 7 8 9 11 | 11.0
Stealth        | 5 11 | 11.2
Summonings     | 4 |  4.0
Translocations | 2 3 |  3.0
Dodging        | 4 5 7 8 11 12 | 12.0
Armour         | 1 6 7 10 11 12 | 12.0
Necromancy     | 1 4 9 10 | 10.0
Throwing       | 1 3 5 6 |  6.0
Earth Magic    | 4 7 |  7.0
Hexes          | 7 |  7.0

Action                     |  1- 3 |  4- 6 |  7- 9 | 10-12 | 13-15 | 16-18 | 19-21 | 22-24 | 25-27 || total
---------------------------+-------+-------+-------+-------+-------+-------+-------+-------+-------++-------
  Melee: Dagger            |       |     2 |       |       |       |       |       |       |       ||     2
         Rapier            |       |    46 |   128 |   208 |       |       |       |       |       ||   382
         Bite              |       |     3 |    21 |    25 |     5 |       |       |     1 |       ||    55
         Punch             |       |       |     1 |       |       |       |       |       |       ||     1
         Staff             |       |       |       |     2 |    13 |     2 |       |     1 |     1 ||    19
         Whip              |       |       |       |       |    10 |       |       |       |       ||    10
  Throw: Stone             |       |     3 |       |    57 |       |       |       |       |       ||    60
         Throwing net      |       |       |     1 |       |       |       |       |       |       ||     1
   Cast: Sting             |    70 |    71 |    80 |    24 |       |       |       |       |       ||   245
         Olgreb's Toxic Ra |       |     2 |    31 |    76 |     7 |       |       |       |       ||   116
         Mephitic Cloud    |       |       |     3 |     9 |       |       |       |       |       ||    12
         Apportation       |       |       |       |     4 |       |       |     2 |       |     3 ||     9
         Summon Blazeheart |       |       |       |    11 |     1 |       |       |       |       ||    12
         Sticky Flame      |       |       |       |     9 |     2 |       |       |       |       ||    11
         Mercury Vapours   |       |       |       |     3 |     1 |       |       |       |       ||     4
         Plasma Beam       |       |       |       |    38 |   498 |   483 |   347 |   616 |   778 ||  2760
         Blink             |       |       |       |       |     1 |     4 |     1 |     2 |     2 ||    10
         Fireball          |       |       |       |       |     3 |    53 |    13 |       |     4 ||    73
         Irradiate         |       |       |       |       |     3 |    51 |    25 |    41 |    62 ||   182
         Maxwell's Capacit |       |       |       |       |       |    17 |    20 |     9 |    82 ||   128
         Sublimation of Bl |       |       |       |       |       |    49 |    73 |   139 |   170 ||   431
         Lee's Rapid Decon |       |       |       |       |       |       |       |     1 |     8 ||     9
         Yara's Violent Un |       |       |       |       |       |       |       |       |     3 ||     3
         Ignition          |       |       |       |       |       |       |       |       |    30 ||    30
         Passage of Golubr |       |       |       |       |       |       |       |       |     6 ||     6
         Passwall          |       |       |       |       |       |       |       |       |     1 ||     1
  Evoke: Wand              |       |     1 |    10 |    22 |     5 |     1 |     1 |     3 |    15 ||    58
         Box of beasts     |       |       |       |     1 |       |       |       |       |       ||     1
         Phial of floods   |       |       |       |       |     1 |       |     1 |     1 |     1 ||     4
    Use: Scroll            |       |     9 |       |    17 |    17 |     8 |     6 |     3 |    19 ||    79
         Potion            |       |       |       |     2 |     1 |     2 |     2 |     2 |    19 ||    28
   Stab: Paralysed         |       |     2 |    15 |     2 |       |       |       |       |       ||    19
         Sleeping          |       |     2 |     3 |    15 |       |       |       |       |       ||    20
         Confused          |       |       |     2 |     3 |       |       |       |       |       ||     5
 Armour: Robe              |     3 |    34 |    63 |   176 |    97 |    61 |       |       |       ||   434
         Troll leather arm |       |       |       |       |       |   109 |    74 |       |       ||   183
         Scale mail        |       |       |       |       |       |       |     6 |   201 |   370 ||   577
  Dodge: Dodged            |     8 |    24 |    69 |   155 |    80 |    68 |    28 |    83 |   173 ||   688
  Block: Buckler           |       |       |     9 |    77 |    45 |    35 |    20 |    71 |   118 ||   375

Table legend: (Time is in decaauts)
 A = Elapsed time spent in this place.
 B = Non-inter-level travel time spent in this place.
 C = Inter-level travel time spent in this place.
 D = Time resting spent in this place.
 E = Time spent auto-exploring this place.
 F = Levels seen in this place.
 G = Mean time per level.
                   A        B        C        D        E       F      G
               +--------+--------+--------+--------+--------+-----+--------+
         Total |  90042 |  81088 |   8954 |  24536 |  43878 |  75 | 1200.6 |
       Dungeon |  20006 |  16662 |   3344 |   2223 |  11334 |  15 | 1333.7 |
        Temple |      1 |      1 |      0 |      0 |      0 |   1 |    1.0 |
          Lair |   9519 |   8581 |    938 |   2332 |   5196 |   5 | 1903.8 |
         Swamp |   7988 |   7666 |    322 |   5123 |   2003 |   4 | 1997.0 |
     Snake Pit |   7659 |   7133 |    526 |   3347 |   2955 |   4 | 1914.8 |
    Slime Pits |   4444 |   4256 |    188 |   1790 |   1852 |   5 |  888.8 |
  Orcish Mines |   2189 |   2012 |    177 |    539 |   1052 |   2 | 1094.5 |
   Elven Halls |   5357 |   5130 |    227 |   1611 |   2724 |   3 | 1785.7 |
        Vaults |   8554 |   7787 |    767 |   1413 |   4989 |   5 | 1710.8 |
         Crypt |   3598 |   3354 |    244 |    476 |   2332 |   3 | 1199.3 |
        Depths |   4976 |   4213 |    763 |    941 |   2634 |   4 | 1244.0 |
           Zot |  12928 |  11475 |   1453 |   4447 |   5408 |   5 | 2585.6 |
      Ziggurat |    919 |    919 |      0 |      0 |    619 |  13 |   70.7 |
         Trove |     63 |     63 |      0 |      0 |      0 |   1 |   63.0 |
       Ossuary |    347 |    347 |      0 |     62 |     74 |   1 |  347.0 |
        Bailey |    662 |    662 |      0 |    174 |    247 |   1 |  662.0 |
      Ice Cave |    140 |    140 |      0 |      0 |     78 |   1 |  140.0 |
       Volcano |     15 |     15 |      0 |      0 |      0 |   1 |   15.0 |
      Gauntlet |    669 |    669 |      0 |     58 |    379 |   1 |  669.0 |
               +--------+--------+--------+--------+--------+-----+--------+

Top non-repeatable levels by time:
   Zot:5: 4179 daAuts
   Zot:2: 3425 daAuts
 Swamp:4: 3209 daAuts
Vaults:5: 2917 daAuts
  Lair:5: 2559 daAuts
   Elf:2: 2544 daAuts
  Lair:2: 2375 daAuts
 Slime:5: 2374 daAuts
 Swamp:2: 2355 daAuts
 Snake:1: 2208 daAuts
   Zot:4: 2071 daAuts
 Snake:2: 1956 daAuts
    D:15: 1950 daAuts
 Snake:3: 1904 daAuts
  Lair:4: 1826 daAuts
